 Dungeon Crawl Stone Soup version 0.24-a0-251-g44e327ef01 (webtiles) character file.

Game seed: 7589494763893803721

73 Flugkiller the Chopper (level 4, 0/55 HPs)
             Began as a Demonspawn Chaos Knight on Apr 16, 2019.
             Was a Plaything of Xom.
             Succumbed to an adder's poison
             ... on level 2 of the Dungeon.
             The game lasted 00:01:46 (1277 turns).

Flugkiller the Chopper (Demonspawn Chaos Knight)    Turns: 1277, Time: 00:01:47

Health: 0/55       AC: 22    Str: 18    XL:     4   Next: 8%
Magic:  4/4        EV:  2    Int: 14    God:    Xom [.*....]
Gold:   67         SH:  0    Dex: 17    Spells: 3/3 levels left

rFire    . . .     SeeInvis .   a - +0 hand axe (chaos)
rCold    . . .     Gourm    .   (no shield)
rNeg     + + +     Faith    .   (armour currently unavailable)
rPois    +         Spirit   .   (helmet currently unavailable)
rElec    .         Reflect  .   (cloak currently unavailable)
rCorr    .         Harm     .   (gloves currently unavailable)
MR       .....     NoTele   +   (boots currently unavailable)
Stlth    +++.......             (no amulet)
HPRegen  0.18/turn              (no ring)
MPRegen  0.09/turn              (no ring)

@: mighty, agile, lethally poisoned (0 -> -3), tree-form
A: no striking features
a: Renounce Religion


You were on level 2 of the Dungeon.
You worshipped Xom.
You were a plaything of Xom.
You were very hungry.
You were a tree.
You visited 1 branch of the dungeon, and saw 2 of its levels.

You collected 67 gold pieces.

Inventory:

Hand Weapons
 a - a +0 hand axe of chaos (weapon)
Armour
 b - a +2 leather armour (melded)
Scrolls
 f - a scroll of noise {unknown}
 g - 2 scrolls of identify {unknown}
 i - a scroll of fear {unknown}
 k - a scroll of remove curse {unknown}
Comestibles
 c - 2 rations


   Skills:
 + Level 3.7 Fighting
 * Level 4.0 Axes
 - Level 1.7 Armour
 - Level 0.8 Dodging


You had 3 spell levels left.
You didn't know any spells.
Your spell library was empty.

Dungeon Overview and Level Annotations

Branches:
Dungeon (2/15)

Altars:


Innate Abilities, Weirdness & Mutations

((Your flesh is heat resistant. (rF+)))
((When seriously injured, your bleeding wounds create armour. (AC +0)))


Message History

It was a potion of might.
You feel very mighty all of a sudden. The adder bites you but does no damage.
The adder bites you.
* * * LOW HITPOINT WARNING * * *
You are more poisoned.
The adder poisons you!
It was a potion of lignification.
You turn into a tree.
Your +2 leather armour melds into your body.
Your roots penetrate the ground.
Your blood armour dries and flakes away.
* * * LOW HITPOINT WARNING * * *
You feel sick. The adder bites you but does no damage.
The adder barely misses you.
You hit the adder but do no damage. Lightning courses through the adder!!
You kill the adder!
Your Axes skill increases to level 4!
You have reached level 4!
You feel clever.
Your demonic ancestry asserts itself...
You feel resistant to heat.
* * * LOW HITPOINT WARNING * * *
You feel sick.
It was a potion of agility.
You feel agile all of a sudden.
* * * LOW HITPOINT WARNING * * *
You feel sick. The kobold hits you but does no damage.
You barely miss the kobold.
* * * LOW HITPOINT WARNING * * *
You feel sick. The kobold hits you but does no damage.
You slash the kobold! You freeze the kobold.
You kill the kobold!
Unknown command.
You swing at nothing.
* * * LOW HITPOINT WARNING * * *
You feel sick.
You cannot move.
You swing at nothing.
* * * LOW HITPOINT WARNING * * *
You feel sick.
You cannot move.
Unknown command.
You swing at nothing.
Unknown command.
You swing at nothing.
* * * LOW HITPOINT WARNING * * *
You feel sick.
You swing at nothing.
Unknown command.
You swing at nothing.
You die...
Xom chortles!

#.###.##
..#)#..###
..##.##...####
#...###....#####.#
.⌠. ####.......#
...###....#######
#.##...####
#†#..### #.#♣#.##
#.....# ##...##
#.).# #...# ##.##
#[# #.# #.


There were no monsters in sight!

Vanquished Creatures
  A bullfrog zombie (D:2)
  2 adders (D:2)
  A dart slug (D:2)
  3 bats
  2 goblins
  3 hobgoblins (D:1)
  2 jackals (D:1)
  5 kobolds
  2 frilled lizards (D:1)
  2 rats (D:1)
23 creatures vanquished.

Notes
Turn   | Place    | Note
-------+----------+-------------------------------------------
     0 | D:1      | Flugkiller the Demonspawn Chaos Knight began the quest for
                  | the Orb.
     0 | D:1      | Reached XP level 1. HP: 18/18 MP: 1/1
   170 | D:1      | XOM: divination: magic mapping
   325 | D:1      | Reached skill level 3 in Axes
   469 | D:1      | Gained mutation: When seriously injured, your bleeding
                  | wounds create armour. (AC +0) [demonic ancestry]
   469 | D:1      | Reached XP level 2. HP: 23/24 MP: 2/2
   770 | D:1      | XOM: harmless Ice miscast
   981 | D:1      | XOM: silly message
  1248 | D:2      | Reached XP level 3. HP: 29/30 MP: 3/3
  1268 | D:2      | Reached skill level 4 in Axes
  1268 | D:2      | Gained mutation: Your flesh is heat resistant. (rF+)
                  | [demonic ancestry]
  1268 | D:2      | Reached XP level 4. HP: 5/37 MP: 4/4
  1272 | D:2      | HP: 2/55 [poisoned by an adder]
  1277 | D:2      | Succumbed to an adder's poison

Levels and vault maps discovered:
D:1:      lightli_arrival_noodles, layout_loops_corners
D:2:      minmay_general_purpose_star, layout_basic, zin_treasury,
          nicolae_overflow_hidden_temple, first_ration, uniq_jessica,
          uniq_natasha

Skill      XL: |  1  2  3 |
---------------+----------+-----
Axes           | 3 4 |  4.0
Fighting       | |  3.7
Armour         | |  1.7
Dodging        | |  0.8

Action                   |  1- 3 |  4- 6 || total
-------------------------+-------+-------++-------
Melee: Hand axe          |    61 |     2 ||    63
  Use: Potion            |     2 |     1 ||     3
 Stab: Sleeping          |     2 |       ||     2
Armor: Leather armour    |    20 |       ||    20
       Skin              |     1 |     2 ||     3
Dodge: Dodged            |    34 |       ||    34

Table legend:
 A = Non-vault XP
 B = Vault XP
 C = Vault XP percentage of total XP
 D = Non-vault monster count
 E = Vault monster count
 F = Vault count percentage of total count
                 A         B        C        D         E       F
            +---------+---------+-------+---------+---------+-------
      Total |      87 |      18 |  17.1 |      20 |       3 |  13.0
            +---------+---------+-------+---------+---------+-------
        D:1 |      23 |       0 |   0.0 |      15 |       0 |   0.0
        D:2 |      64 |      18 |  22.0 |       5 |       3 |  37.5
            +---------+---------+-------+---------+---------+-------
